Cogmind - Beta 15 @@@ ROGUE MODE // 2025.09.16 @ 19:17:47 Player: TapeIsSticky Result: Self-destructed Performance ------------- Evolutions (3) 1500 Regions Visited (8) 1600 Robots Destroyed (155) 775 Value Destroyed (4274) 4274 Prototype IDs (29) 580 Alien Tech Used (0) 0 Bonus (381) 381 TOTAL SCORE: 9110 Bonus ------- Follower Combat Kills 81 Aligned with FarCom 300 Cogmind --------- Core Integrity 531/700 Matter 0/500 Energy 200/200 System Corruption 6% Temperature Cool (9) Movement Walking (140) Location -7/Factory Parts ------- > --- POWER (1) -------- Cold Fusion Reactor > --- PROPULSION (4) --- Light Armored Exoskeleton Light Armored Exoskeleton > --- UTILITY (5) ------ Improved Heat Sink Large Storage Unit High-capacity Matter Pod Seismic Detector Hardened Medium Armor Plating > --- WEAPON (3) ------- Heavy Assault Rifle 8R-AWN's Boregun > --- INVENTORY (15) --- Improved Deuterium Engine Light Armored Exoskeleton Light Armored Exoskeleton High-capacity Storage Unit Advanced Transmission Jammer Improved Light Armor Plating High-powered Tractor Beam Heavy Assault Rifle Heavy Assault Rifle Heavy Missile Launcher Chainsword Peak State ------------ > --- POWER ------------ Cold Fusion Reactor > --- PROPULSION ------- Light Armored Exoskeleton Light Armored Exoskeleton > --- UTILITY ---------- Improved Heat Sink Large Storage Unit Hardened Medium Armor Plating Improved Light Armor Plating Improved Shield Generator > --- WEAPON ----------- Heavy Assault Rifle 8R-AWN's Boregun 8R-AWN's Boregun > --- INVENTORY -------- Improved Deuterium Engine Light Armored Exoskeleton Light Armored Exoskeleton High-capacity Storage Unit High-capacity Matter Pod Seismic Detector Advanced Transmission Jammer High-powered Tractor Beam Heavy Assault Rifle Heavy Assault Rifle Heavy Missile Launcher Chainsword [Rating: 62] Favorites ----------- Power Improved Ion Engine Engine Improved Ion Engine Power Core Light Neutrino Core Reactor Cold Fusion Reactor Propulsion Light Treads Treads Light Treads Leg Light Armored Exoskeleton Wheel Compact Wheel Utility Seismic Detector Device Seismic Detector Storage Huge Storage Unit Processor Targeting Computer Protection Light Armor Plating Weapon Autogun Energy Gun Small Laser Ballistic Gun Autogun Launcher Rocket Launcher Impact Weapon Heavy Hammer Slashing Weapon Chainsword Build | -11 -10 -10 -9 -9 -9 -8 -8 -7 ------- Run | Yrd Mat Min Mat Min Exi Min Mat Fac Slots Evolved 6 | . . . 2 . . . 2 2 Power . | . . . . . . . . . Propulsion 2 | . . . 1 . . . . 1 Utility 3 | . . . . . . . 2 1 Weapon 1 | . . . 1 . . . . . Parts Attached 91 | 8 7 . 12 4 13 4 23 20 Power 10 | 1 2 . 1 1 2 1 . 2 Engine 8 | 1 2 . 1 1 2 1 . . Core 1 | . . . . . . . . 1 Reactor 1 | . . . . . . . . 1 Propulsion 23 | 2 . . 4 2 4 1 9 1 Treads 18 | 2 . . 2 2 4 1 7 . Leg 2 | . . . . . . . 1 1 Wheel 3 | . . . 2 . . . 1 . Hover . | . . . . . . . . . Flight . | . . . . . . . . . Utility 26 | 2 2 . 2 . 3 1 7 9 Device 13 | 1 1 . 1 . 1 1 5 3 Storage 5 | 1 1 . 1 . . . . 2 Processor 1 | . . . . . . . 1 . Hackware . | . . . . . . . . . Protection 7 | . . . . . 2 . 1 4 Artifact . | . . . . . . . . . Weapon 32 | 3 3 . 5 1 4 1 7 8 Energy Gun 2 | 2 . . . . . . . . Energy Cannon . | . . . . . . . . . Ballistic Gun 25 | 1 3 . 5 . 4 1 7 4 Ballistic Cannon . | . . . . . . . . . Launcher 3 | . . . . 1 . . . 2 Special Weapon . | . . . . . . . . . Impact Weapon 1 | . . . . . . . . 1 Slashing Weapon 1 | . . . . . . . . 1 Piercing Weapon . | . . . . . . . . . Special Melee Weapon . | . . . . . . . . . Unidentified Prototypes 6 | . . . . . 1 . 1 4 Parts Lost 27 | . 2 . 2 1 8 6 3 5 Power 4 | . 1 . . . 1 1 . 1 Propulsion 7 | . . . . 1 4 1 1 . Utility 6 | . 1 . 1 . 2 . . 2 Weapon 10 | . . . 1 . 1 4 2 2 Highest Loss Streak 4 | . 1 . 1 1 4 4 1 2 To Critical Strikes 6 | . . . . . 6 . . . Average Backups 18 | 2 8 15 22 24 21 22 20 12 Power 2 | . 1 2 2 3 2 4 2 1 Propulsion 4 | . 1 2 4 6 4 4 5 2 Utility 4 | . 2 4 5 5 3 5 5 4 Weapon 7 | . 3 6 9 9 10 8 7 5 Tool/Special . | . . . . . . . . . Unused Backups 32 | 1 . . 7 1 7 1 8 7 Power 7 | . . . . 1 3 . 2 1 Propulsion 4 | . . . . . . . 2 2 Utility 12 | 1 . . 2 . 4 1 1 3 Weapon 9 | . . . 5 . . . 3 1 Tool/Special . | . . . . . . . . . Average Slot Usage (%) 97 | . 98 100 98 100 98 99 99 82 Engine 9 | . 14 14 11 11 10 10 9 . Treads 25 | . 28 28 22 22 33 33 26 . Leg 1 | . . . . . . . . 14 Wheel 2 | . . . 9 10 . . . . Device 11 | . 12 14 10 11 5 8 17 20 Storage 10 | . 14 14 11 11 11 11 9 7 Processor 1 | . . . . . . . 8 . Protection 2 | . . . . . 4 2 . 8 Energy Gun 1 | . 8 . . . . . . . Ballistic Gun 26 | . 19 28 32 25 27 33 26 19 Launcher 2 | . . . . 7 5 . . . Peak Build Rating 62 | 7 9 10 17 18 31 24 38 62 Average Rating 21 | 5 7 9 14 17 19 22 30 48 On Entrance 15 | . 7 9 10 17 18 24 22 31 Naked Turns . | . . . . . . . . . Heaviest Build 104 | 13 32 32 97 98 101 102 104 101 Greatest Support 60 | 40 40 40 60 60 60 60 60 60 Greatest Overweight (x) 6 | . 1 . 6 6 1 1 3 1 Average Overweight (x) 1 | . . . 4 5 1 1 1 . Largest Inventory Capacity 25 | 8 15 15 25 25 25 25 25 25 Average Capacity 21 | 7 12 15 24 25 25 25 25 15 Most Carried 25 | 4 15 15 25 25 25 25 25 25 Average Carried 19 | 2 8 15 22 24 22 23 24 14 Final Capacity 25 | 8 15 15 25 25 25 25 25 15 Final Carried 25 | 3 15 15 25 25 25 24 25 13 Class Distribution -------------------- 30% | Gunner 29% | Scavenger-Gunner 21% | Mutant 7% | Scavenger-Tank 6% | Tank 4% | Scavenger-Mutant Dominant Class ---------------- Mutant | -10/Materials Mutant | -10/Mines Gunner | -9/Materials Gunner | -9/Mines Gunner | -9/Exiles Scavenger-Gunner | -8/Mines Scavenger-Gunner | -8/Materials Scavenger-Mutant | -7/Factory Resources | -11 -10 -10 -9 -9 -9 -8 -8 -7 ----------- Run | Yrd Mat Min Mat Min Exi Min Mat Fac Matter Collected 5249 | 288 224 230 681 343 1138 487 960 898 Remotely 464 | . . . . . . . 137 327 Salvage Created 5529 | 84 569 55 1210 303 545 576 946 1241 Parts 392 | 11 33 5 81 26 58 51 52 75 Haulers Intercepted 4 | . 1 . 1 . . . 2 . Recyclers Shooed 2 | . . . 1 . . . 1 . Parts Field Recycled . | . . . . . . . . . Retrieved Matter . | . . . . . . . . . Parts Self-Destructed . | . . . . . . . . . Prevented . | . . . . . . . . . Kills | -11 -10 -10 -9 -9 -9 -8 -8 -7 ------- Run | Yrd Mat Min Mat Min Exi Min Mat Fac Combat Hostiles Destroyed 111 | . 9 3 24 9 7 20 13 26 Guns 88 | . 8 3 24 6 2 17 13 15 AOE 22 | . . . . 3 5 3 . 11 Classes Destroyed 21 | 1 5 1 3 2 3 1 2 3 Worker 6 | . . . 1 . . 1 2 2 Builder 3 | . 1 . 1 . . . . 1 Tunneler 10 | 4 . 1 1 . . 3 . 1 Hauler 4 | . 1 . 1 . . . 2 . Recycler 6 | . 1 . 2 1 . . 1 1 Mechanic 1 | . . . 1 . . . . . Operator 1 | . . . . . . . 1 . Turret 1 | . . . . . 1 . . . Watcher 9 | . 3 . 3 . . . 2 1 Swarmer 27 | . . 3 7 4 . 13 . . Grunt 38 | . 9 . 11 2 . 5 6 5 Brawler 2 | . . . . 1 . 1 . . Duelist 4 | . . . . . . . 1 3 Protector 3 | . . . . . . . . 3 Sentry 15 | . . . 6 . . . 6 3 Demolisher 2 | . . . . 2 . . . . Specialist 2 | . . . . . . . . 2 Hunter 4 | . . . . . . 1 . 3 Programmer 7 | . . . . . . . . 7 Zionite 7 | . . . . . 7 . . . Assembled 6 | . . . . . 6 . . . Best Kill Streak 15 | 1 2 3 7 4 6 3 3 15 Combat Bots Only 11 | . 2 3 5 4 6 3 3 11 Max Kills in Single Turn 5 | 1 1 1 2 2 3 3 1 5 Gunslinging 1 | . . . 1 . . 1 . 1 Exploded 4 | . . . . 2 3 3 . 4 Melee . | . . . . . . . . . Uniques/NPCs Destroyed 4 | . . . . . 4 . . . 8R-AWN (-9/Exiles) EX-HEX (-9/Exiles) EX-BIN (-9/Exiles) EX-DEC (-9/Exiles) Combat | -11 -10 -10 -9 -9 -9 -8 -8 -7 -------- Run | Yrd Mat Min Mat Min Exi Min Mat Fac Hostile Shots Fired 678 | . 48 12 72 19 88 83 82 274 Missed 212 | . 13 5 36 4 13 17 19 105 Hits 466 | . 35 7 36 15 75 66 63 169 Melee 24 | . . . . . 2 2 12 8 Projectile 442 | . 35 7 36 15 73 64 51 161 AOE 11 | . . . . 11 . . . . Critical Strikes 43 | . 1 . 1 . 28 2 5 6 Damage Taken 6773 | . 434 57 479 438 1432 835 1154 1944 Core 651 | . 31 . 69 22 146 97 117 169 Absorbed by Shields 173 | . . . . . . . . 173 Regen/Repaired (Parts) 372 | . . . 258 . . . 114 . Core Remaining (%) 70 | 100 . 87 . . . 16 78 . Volleys Fired 430 | 13 67 8 71 14 81 41 53 82 Largest 3 | 2 2 2 3 3 3 3 3 3 Hottest 83 | 60 60 40 63 69 69 69 79 83 Shots Fired 1123 | 26 133 16 213 36 217 120 158 204 Gun 1095 | 26 133 16 213 33 205 118 157 194 Cannon . | . . . . . . . . . Launcher 28 | . . . . 3 12 2 1 10 Special . | . . . . . . . . . Kinetic 1037 | 13 88 16 213 33 205 118 157 194 Thermal 58 | 13 45 . . . . . . . Explosive 28 | . . . . 3 12 2 1 10 Electromagnetic . | . . . . . . . . . Robot Hit Streak 26 | 3 12 2 12 8 11 14 26 7 Robot Miss Streak 7 | 3 4 4 7 4 6 5 4 6 Penetration Max 2 | . . . . . . . . 2 Secondary Targets 12 | . . . 4 1 . 5 1 1 Max Gunslinging Chain 1 | . . . 1 1 . 1 1 1 Shots Hit Robots 653 | 11 87 6 115 18 121 63 113 119 Core Hits 295 | 6 27 4 56 15 47 36 37 67 Critical Kills 3 | . . . . . . . . 3 Critical Parts Destroyed 9 | . . . . . 1 . 1 7 Critical Strikes 13 | . . . 1 . 1 . 1 10 Destroy 13 | . . . 1 . 1 . 1 10 Melee Attacks 6 | . . . . . . . . 6 Impact 3 | . . . . . . . . 3 Slashing 3 | . . . . . . . . 3 Piercing . | . . . . . . . . . Sneak Attacks . | . . . . . . . . . Combat Hostiles . | . . . . . . . . . Follow-up Attacks . | . . . . . . . . . Damage Inflicted 12548 | 104 957 143 1553 463 2365 1319 1883 3761 Guns 9683 | 103 942 74 1535 298 1824 1031 1835 2041 Cannons . | . . . . . . . . . Explosions 2634 | . . . . 165 541 215 . 1713 Melee . | . . . . . . . . . Ramming 231 | 1 15 69 18 . . 73 48 7 Kinetic 9232 | 29 565 74 1535 298 1824 1031 1835 2041 Thermal 451 | 74 377 . . . . . . . Explosive 2634 | . . . . 165 541 215 . 1713 Electromagnetic . | . . . . . . . . . Impact . | . . . . . . . . . Slashing . | . . . . . . . . . Piercing . | . . . . . . . . . Highest Corruption 6 | . . . . . 5 1 . 6 Average Corruption 2 | . . . . . 4 1 . 3 Corruption Purged 5 | . . . . . 5 . . . Corruption Blocked . | . . . . . . . . . Effects 56 | . . . . . 21 19 . 16 Message Errors 15 | . . . . . 6 6 . 3 Matter Fused 14 | . . . . . 4 6 . 4 Heat Flow Errors 5 | . . . . . 2 1 . 2 Energy Discharges 8 | . . . . . 3 1 . 4 Parts Fused 1 | . . . . . 1 . . . Data Loss (minor) 5 | . . . . . 2 3 . . Data Loss (major) 4 | . . . . . 1 1 . 2 Misfires 2 | . . . . . 1 1 . . Alerts 1 | . . . . . . . . 1 Weapon Failures 1 | . . . . . 1 . . . Overload Shots . | . . . . . . . . . Overflow Damage 105 | . . . . . . 26 12 67 Projectiles . | . . . . . . . . . Explosions 93 | . . . . . . 26 . 67 Melee 12 | . . . . . . . 12 . Knockbacks . | . . . . . . . . . Impact . | . . . . . . . . . Kinetic . | . . . . . . . . . Secondary . | . . . . . . . . . Self-Inflicted Damage 25 | . . . 9 . . . . 16 Shots 1 | . . . . . . . . 1 Rammed 19 | 1 . 6 2 . . 6 4 . Targets Rammed 23 | 1 1 7 2 . . 6 5 1 Kicked 1 | . . . . . . . . 1 Crushed 3 | . 1 1 . . . . 1 . Highest Temperature 276 | 40 141 . 27 76 245 276 40 216 Average Temperature 66 | 20 44 . 15 29 115 72 14 44 Received Heat Transfer 1426 | . 258 . 174 . . 324 378 292 Effects 2 | . . . . . . 2 . . Energy Bleed 1 | . . . . . . 1 . . Interference 1 | . . . . . . 1 . . Siege Activations . | . . . . . . . . . Martial Activations . | . . . . . . . . . Shielding Activations . | . . . . . . . . . Robots Disrupted . | . . . . . . . . . Combat Hostiles . | . . . . . . . . . Robots Corrupted 1 | . . . . . . . 1 . Combat Hostiles . | . . . . . . . . . Parts Fried . | . . . . . . . . . Impact Corruptions 2 | . . . . . . . 2 . Robots Melted 1 | . 1 . . . . . . . Combat Hostiles 1 | . 1 . . . . . . . Parts Melted 1 | . 1 . . . . . . . Heat Transferred 1025 | 175 850 . . . . . . . Parts Sabotaged . | . . . . . . . . . Parts Stolen . | . . . . . . . . . Parts Stripped . | . . . . . . . . . Power Chain Reactions . | . . . . . . . . . Alert | -11 -10 -10 -9 -9 -9 -8 -8 -7 ------- Run | Yrd Mat Min Mat Min Exi Min Mat Fac Maximum Alert Level 1 | . . . 1 . . . . 1 Low Security (%) 94 | 100 100 100 77 100 . 100 100 78 Level 1 5 | . . . 22 . . . . 21 Level 2 . | . . . . . . . . . Level 3 . | . . . . . . . . . Level 4 . | . . . . . . . . . Level 5 . | . . . . . . . . . High Security . | . . . . . . . . . Max Security . | . . . . . . . . . Peak Influence 311 | 5 75 113 278 169 . 133 70 311 Initial 84 | . . 3 7 84 . . 13 6 Average 47 | . 17 28 118 35 . 55 15 74 Influence Increases 3283 | 20 288 262 758 256 . 553 417 729 Destroy 0b10 Robot/C 2120 | . 180 160 480 180 . 400 260 460 Destroy 0b10 Robot/NC 215 | 20 30 5 50 5 . 20 40 45 Destroy Leader 516 | . 48 30 138 30 . 70 88 112 Allied During Kill 26 | . . 22 4 . . . . . Successful Hack 41 | . . . 22 . . . 19 . Disable Machine 120 | . . . . 15 . 15 . 90 Destroy Structure 80 | . . . 4 26 . 18 10 22 Partial Spotted 15 | . . . 15 . . . . . Lose Combat Pursuer 150 | . 30 45 45 . . 30 . . Influence Decreases 2972 | 20 278 251 561 474 . 518 437 433 Entered New Map 186 | . . 7 14 134 . . 22 9 Time Decay 2596 | 20 268 224 507 330 . 468 395 384 Lost Part 150 | . 10 . 20 10 . 50 20 40 Lost Ally 40 | . . 20 20 . . . . . Squads Dispatched 20 | . 3 . 4 . . . 5 8 Investigation 5 | . 1 . 2 . . . 1 1 Extermination 2 | . . . . . . . . 2 Reinforcement 9 | . 2 . 2 . . . 1 4 Assault . | . . . . . . . . . Garrison 4 | . . . . . . . 3 1 Intercept . | . . . . . . . . . Searches Triggered . | . . . . . . . . . Construction Impeded 2 | . . . . . . . . 2 Haulers Reinforced . | . . . . . . . . . Active Scanning Responses . | . . . . . . . . . Cargo Convoy Interrupts 1 | . . . . . . . . 1 Stealth | -11 -10 -10 -9 -9 -9 -8 -8 -7 --------- Run | Yrd Mat Min Mat Min Exi Min Mat Fac Distress Signals 5 | . 1 . 1 . . . 2 1 Communications Jammed . | . . . . . . . . . Distress Signals . | . . . . . . . . . Times Spotted 172 | . 20 9 40 7 16 21 22 37 Peak Tracking Total 9 | . 3 3 6 4 9 3 5 9 Tactical Retreats 10 | . 2 2 3 . 2 1 . . Traps | -11 -10 -10 -9 -9 -9 -8 -8 -7 ------- Run | Yrd Mat Min Mat Min Exi Min Mat Fac Traps Triggered 7 | . 3 . 2 . . . 1 1 Indirectly . | . . . . . . . . . Trap Hack Attempts . | . . . . . . . . . Triggered . | . . . . . . . . . Disarmed 6 | . . . 6 . . . . . Reprogrammed . | . . . . . . . . . Reused . | . . . . . . . . . Traps Extracted . | . . . . . . . . . Installed . | . . . . . . . . . Triggered . | . . . . . . . . . Machines | -11 -10 -10 -9 -9 -9 -8 -8 -7 ---------- Run | Yrd Mat Min Mat Min Exi Min Mat Fac Machines Disabled 18 | . . . . 1 10 1 . 6 Max in Single Turn 2 | . . . . 1 2 1 . 1 Machines Repaired . | . . . . . . . . . Machines Dismantled . | . . . . . . . . . Machines Sabotaged . | . . . . . . . . . Overloaded Fab Kills . | . . . . . . . . . Hacking | -11 -10 -10 -9 -9 -9 -8 -8 -7 --------- Run | Yrd Mat Min Mat Min Exi Min Mat Fac Machines Accessed 18 | . 1 . 8 1 2 . 3 3 Terminals 7 | . . . 5 . . . 1 1 Fabricators 1 | . . . . . . . . 1 Repair Stations 5 | . . . 2 . . . 2 1 Recycling Units 2 | . 1 . 1 . . . . . Scanalyzers . | . . . . . . . . . Garrison Access . | . . . . . . . . . Total Hacks 37 | . 1 . 19 1 2 . 9 5 Successful 23 | . . . 15 1 2 . 5 . Failed 14 | . 1 . 4 . . . 4 5 Catastrophic 5 | . . . 1 . . . 2 2 Database Lockouts . | . . . . . . . . . Manual 16 | . . . 10 . 1 . 4 1 Terminals 18 | . . . 12 . . . 5 1 Fabricators 1 | . . . . . . . . 1 Repair Stations 13 | . . . 6 . . . 4 3 Recycling Units 2 | . 1 . 1 . . . . . Scanalyzers . | . . . . . . . . . Garrison Access . | . . . . . . . . . Terminal Hacks 6 | . . . 2 1 2 . 1 . Record 1 | . . . . . 1 . . . Open Door 1 | . . . . 1 . . . . Branch Access Points 1 | . . . . . . . 1 . Disarm Traps 1 | . . . 1 . . . . . Hauler Manifests 1 | . . . 1 . . . . . Proto ID Catalog 1 | . . . . . 1 . . . Fabricator Hacks . | . . . . . . . . . Repair Station Hacks 9 | . . . 6 . . . 3 . Scan Component 5 | . . . 3 . . . 2 . Repair 4 | . . . 3 . . . 1 . Recycling Unit Hacks 1 | . . . 1 . . . . . Retrieve Components 1 | . . . 1 . . . . . Scanalyzer . | . . . . . . . . . Garrison Access Hacks . | . . . . . . . . . Unauthorized Hacks 7 | . . . 6 . . . 1 . Terminals 7 | . . . 6 . . . 1 . Botnet 2 | . . . 1 . . . 1 . Skim 5 | . . . 5 . . . . . Fabricators . | . . . . . . . . . Repair Stations . | . . . . . . . . . Recycling Units . | . . . . . . . . . Scanalyzers . | . . . . . . . . . Garrison Access . | . . . . . . . . . Data Cores Recovered . | . . . . . . . . . Used . | . . . . . . . . . Hacking Detections 13 | . 1 . 6 . . . 3 3 Full Trace Events . | . . . . . . . . . Feedback Events . | . . . . . . . . . Feedback Blocked . | . . . . . . . . . Robot Schematics Acquired . | . . . . . . . . . Robots Built . | . . . . . . . . . Authchips . | . . . . . . . . . Time . | . . . . . . . . . Total Robot Build Rating . | . . . . . . . . . Part Schematics Acquired . | . . . . . . . . . Parts Built . | . . . . . . . . . Authchips . | . . . . . . . . . Time . | . . . . . . . . . Total Part Build Rating . | . . . . . . . . . Parts Repaired 4 | . . . 3 . . . 1 . Time 104 | . . . 78 . . . 26 . Parts Recycled . | . . . . . . . . . Recycled Matter . | . . . . . . . . . Retrieved Matter . | . . . . . . . . . Retrieved Components 9 | . . . 9 . . . . . Parts Scanalyzed . | . . . . . . . . . Part Schematics Acquired . | . . . . . . . . . Parts Damaged . | . . . . . . . . . Bothacking | -11 -10 -10 -9 -9 -9 -8 -8 -7 ------------ Run | Yrd Mat Min Mat Min Exi Min Mat Fac Used RIF Installer . | . . . . . . . . . Robots Hacked . | . . . . . . . . . Non-combat . | . . . . . . . . . Combat . | . . . . . . . . . Robot Hacks Applied . | . . . . . . . . . Relay Couplers Released . | . . . . . . . . . Fabnet Peak Effective % . | . . . . . . . . . Robots Rewired . | . . . . . . . . . Allies Hacked . | . . . . . . . . . Hacks Repelled . | . . . . . . . . . Allies | -11 -10 -10 -9 -9 -9 -8 -8 -7 -------- Run | Yrd Mat Min Mat Min Exi Min Mat Fac Total Allies 4 | . . 3 . 1 . . . . Largest Group 3 | . . 3 1 1 1 . . . Highest-Rated Group 74 | . . 74 12 31 31 . . . Highest-Rated Ally 31 | . . 31 12 31 31 . . . Total Orders . | . . . . . . . . . Ally Attacks 20 | . . 20 . . . . . . Total Damage 358 | . . 358 . . . . . . Kills 5 | . . 5 . . . . . . Allies Corrupted . | . . . . . . . . . Allies Melted . | . . . . . . . . . Intel | -11 -10 -10 -9 -9 -9 -8 -8 -7 ------- Run | Yrd Mat Min Mat Min Exi Min Mat Fac Active Infowar (turns) 10610 | 135 1426 1079 1425 1359 1424 1333 1128 1301 Seismic 10610 | 135 1426 1079 1425 1359 1424 1333 1128 1301 Robot Analysis Total . | . . . . . . . . . Derelict Logs Recovered 4 | . . 3 . 1 . . . . Drone Launches . | . . . . . . . . . Drone Recoveries . | . . . . . . . . . Exploration | -11 -10 -10 -9 -9 -9 -8 -8 -7 ------------- Run | Yrd Mat Min Mat Min Exi Min Mat Fac Turns Passed 13719 | 235 1597 1079 1488 1359 2962 1725 1779 1495 Spaces Moved 5711 | 119 738 627 577 629 1075 514 645 787 Core 8 | 8 . . . . . . . . Treads 3763 | 111 738 627 46 23 1075 514 628 1 Legs 786 | . . . . . . . . 786 Wheels 1154 | . . . 531 606 . . 17 . Hover . | . . . . . . . . . Flight . | . . . . . . . . . Fastest Speed 50 | 50 160 160 160 190 240 240 145 140 Average Speed 194 | 152 160 160 176 191 240 240 238 147 Slowest Speed 320 | 160 240 160 190 240 240 240 320 250 Overloaded Moves . | . . . . . . . . . Propulsion Burnouts . | . . . . . . . . . Robots Hopped . | . . . . . . . . . Potential Cave-ins . | . . . . . . . . . Cave-ins Triggered . | . . . . . . . . . Time Travels 1 | . . . . . 1 . . . Exploration Rate (%) 64 | 8 83 99 62 98 90 83 36 25 Regions Visited 8 Branch Regions 4 Pre-discovered Areas 5 | . . 1 3 . 1 . . . Known Exits Taken 3 | . . . 1 . . 1 1 . Unknown Exits Taken 5 | 1 1 1 . 1 1 . . . Scrap Searched 4 | . . 1 . 1 . 2 . . Spaces Dug 24 | . . . . 9 . . 9 6 Terrain Destroyed 109 | . . . . 29 21 22 9 28 Melee 6 | . . . . . . . . 6 Projectile 2 | . . . . . . . . 2 AOE 100 | . . . . 29 21 22 9 19 Terrain Rammed . | . . . . . . . . . Walls Destroyed . | . . . . . . . . . Machines Disabled . | . . . . . . . . . Actions | -11 -10 -10 -9 -9 -9 -8 -8 -7 --------- Run | Yrd Mat Min Mat Min Exi Min Mat Fac Total 7539 | 145 1024 683 906 761 1335 929 808 948 Wait 1069 | . 198 40 198 106 129 352 30 16 Move 5703 | 118 737 626 576 628 1074 513 644 787 Hop . | . . . . . . . . . Pick Up 98 | 4 10 1 26 4 20 6 18 9 Fast Attach 23 | 7 4 . 2 . 1 1 5 3 Attach 37 | . 1 . 4 1 9 5 10 7 Detach 3 | . . . . . . . 3 . Swap 66 | 1 6 . 9 4 8 3 14 21 Drop 81 | 1 . 1 18 4 13 2 26 16 Fire 430 | 13 67 8 71 14 81 41 53 82 Melee 6 | . . . . . . . . 6 Ram 2 | . . . 2 . . . . . Kick 1 | . . . . . . . . 1 Crush 20 | 1 1 7 . . . 6 5 . Escape Stasis . | . . . . . . . . . Rewire . | . . . . . . . . . Trap . | . . . . . . . . . Miscellaneous . | . . . . . . . . . Route ------- -11/Scrapyard -10/Materials (discovered 4 exits: *Mat x3 / [*Min]) -10/Mines (discovered 3 exits: *Mat x2 / [*Sub]) -9/Materials (discovered 6 exits: *Mat x3 / *Min x2 / Sto) -9/Mines (discovered 4 exits: *Mat x2 / *Exi / [*Zio]) -9/Exiles (discovered 2 exits: [*Min x2]) -8/Mines (discovered 2 exits: *Mat x2) -8/Materials (discovered 3 exits: *Fac x3) -7/Factory (discovered 1 exit: [*Fac]) History --------- Turn | Location | Event 5 | -11/Scrapyard | Discovered new exit (range 14) 236 | -11/Scrapyard | Entered Materials 313 | -10/Materials | Build established: Mutant 456 | -10/Materials | Discovered new exit (range 13) 1160 | -10/Materials | Discovered new exit (range 15) 1200 | -10/Materials | Discovered new exit (range 12) 1478 | -10/Materials | Discovered new exit (range 4) 1833 | -10/Materials | Entered Mines 2130 | -10/Mines | Discovered new exit (range 11) 2135 | -10/Mines | Discovered new exit (range 3) 2352 | -10/Mines | Learned location of Zion (-7) 2450 | -10/Mines | Received a Mining Laser from a helpful Derelict 2563 | -10/Mines | Learned location of 1 exit from Materials 2893 | -10/Mines | Discovered new exit (range 10) 2912 | -10/Mines | Entered Materials 2912 | -9/Materials | Accompanied by 1 ally 2912 | -9/Materials | Evolved 2 slots: Propulsion x1, Weapon x1 2913 | -9/Materials | Identified exit to Storage 2914 | -9/Materials | Identified exit to Materials 3137 | -9/Materials | Repaired Lgt. Treads 3213 | -9/Materials | Build established: Gunner 3434 | -9/Materials | Discovered exit to Materials (range 4) 3974 | -9/Materials | Repaired Lgt. Treads 4002 | -9/Materials | Repaired Lgt. Treads 4082 | -9/Materials | Learned location of 3 exits from Materials 4102 | -9/Materials | Identified exit to Mines 4131 | -9/Materials | Learned Storage security intel 4326 | -9/Materials | Discovered exit to Mines (range 12) 4400 | -9/Materials | Entered Mines 4772 | -9/Mines | Assembled infested the area 4985 | -9/Mines | Escorted by a lone wolf Derelict 4989 | -9/Mines | Discovered exit to Materials (range 11) 5303 | -9/Mines | Discovered new exit (range 5) 5333 | -9/Mines | Discovered exit to Materials (range 13) 5338 | -9/Mines | A Derelict revealed a hidden shortcut to a safe place 5410 | -9/Mines | Met a Derelict who couldn't figure out how to use a Trap Extractor 5759 | -9/Mines | Entered Exiles 5759 | -9/Exiles | Accompanied by 1 ally 5821 | -9/Exiles | Met 8R-AWN 5862 | -9/Exiles | Met EX-HEX 5955 | -9/Exiles | Met EX-DEC 6653 | -9/Exiles | Discovered new exit (range 15) 6796 | -9/Exiles | Met EX-BIN 6824 | -9/Exiles | Aligned with FarCom system 6827 | -9/Exiles | Given EX-Vault access code 6884 | -9/Exiles | Opened EX-Vault 6944 | -9/Exiles | Warned to stay clear of 0b10 Research branches 6995 | -9/Exiles | Found Chronowheel 6995 | -9/Exiles | Activated Chronowheel 6995 | -9/Exiles | Spacetime reconverged on an earlier point 7149 | -9/Exiles | Attacked by the Exiles 7314 | -9/Exiles | Core integrity fell below 50% 7317 | -9/Exiles | Lost 4 parts (1p2n1w) 7352 | -9/Exiles | Destroyed 8R-AWN 7382 | -9/Exiles | Lost 3 parts (2n1u) 7434 | -9/Exiles | Build established: Tank 7491 | -9/Exiles | Found Prototype Ballistic Gun 7500 | -9/Exiles | Found Prototype Ballistic Gun 7843 | -9/Exiles | Destroyed EX-HEX 7880 | -9/Exiles | Destroyed EX-BIN 7920 | -9/Exiles | Destroyed EX-DEC 7998 | -9/Exiles | Found Prototype Device 8001 | -9/Exiles | Identified System Purifier 8287 | -9/Exiles | Build established: Scavenger-Gunner 8622 | -9/Exiles | Build established: Scavenger-Tank 8690 | -9/Exiles | Discovered new exit (range 10) 8721 | -9/Exiles | Entered Mines 8845 | -8/Mines | Lost 4 parts (1p1n2w) 8964 | -8/Mines | Found a Scrap Suit stashed away for nefarious purposes 8969 | -8/Mines | Found Unknown Device 9009 | -8/Mines | Discovered exit to Materials (range 8) 9419 | -8/Mines | Build established: Scavenger-Gunner 9834 | -8/Mines | Discovered exit to Materials (range 3) 9964 | -8/Mines | Core integrity fell below 20% 10446 | -8/Mines | Entered Materials 10446 | -8/Materials | Evolved 2 slots: Utility x2 10447 | -8/Materials | Identified exit to Factory 10674 | -8/Materials | Repaired Lgt. Treads 11743 | -8/Materials | Garrison activated, responded to threat 12225 | -8/Materials | Entered Factory 12225 | -7/Factory | Evolved 2 slots: Propulsion x1, Utility x1 12713 | -7/Factory | Identified 8R-AWN's Boregun (x2) 12887 | -7/Factory | Garrison activated, responded to threat 13001 | -7/Factory | Discovered new exit (range 14) 13389 | -7/Factory | Cargo convoy interrupted 13432 | -7/Factory | Destroyed 11 combat bots 13720 | -7/Factory | Self-destructed Last Messages --------------- 13696_ Slug penetrates Wall. 13697_ System corrupted: Substantial component data lost. 13697_ HV Slug penetrates Assembly Bed. 13697_ Assembly Bed disabled. 13698_ Penetrated by Slug. 13700_ HV Slug penetrates H-55 Commando. 13700_ H-55 Commando suffers critical hit (Destroy). 13700_ H-55 Commando destroyed. 13706_ HV Slug penetrates U-05 Engineer. 13706_ Destroyed Welding Torch. 13706_ HV Slug penetrates Wall. 13706_ ALERT: Construction progress impeded, dispatching reinforcements to local area. 13713_ K-01 Serf collects debris. 13714_ HV Slug penetrates K-01 Serf. 13714_ HV Slug penetrates Terminal. 13714_ Terminal disabled. 13717_ HV Slug penetrates Neutrino Reactor. Map ----- +----------------------------------------------------+ | || + """"""" #?????????????????????? | | |! # """Y""" #?????????????????????? | | """ # [##????????????????????? | | """ + ! #????????????????????? | | """ # /! ==##????????????????????? | | # # ! ! #?????????????????????? | | # """ """ ###############?????????????????????? | | # """ """ #????##??#########??????????????????? | | # """ """ #???? ?? """" #??????????????????? | | " #???#[ ? "F " #??????????????????? | | " """ """! !#???# #??????????????????? | | T """ """ * #???# """" #??????????????????? | | " """ """ #???# """" #??????????????????? | | " #???# """" #??????????????????? | | # " " #???# """" ##?????????????????? | | # ##### """ #?????????????????? | | # " + " "" #??????????????????? | | ##### "" " ]! =#??????????????????? | | # #???# = #??????????????????? | | ] #???# ![! #???########???????? | | =% #########;#;######???# ! #???????? | | | ^ [ #??????# #???????? | | *% ######## ! #???????? | | %%= """"" """""" """""" + #???????? | | """"" """""" """""" ######## #???????? | | """"" """""" """""" @ #??????# #???????? | | """""" """""" """""" #??????# """" #???????? | | ######## """" #???????? | | # """""" """""" """""" # """" #???????? | | # """""" """""" """"" %= # """" #???????? | | # """""" """""" """""" % # """??????????? | | # """""" """""" """""" * """ # ""???????????? | | # g""" # "????????????? | | # """""" """"" """ """ # ????????????? | | # """"" """" """ k ###????????????? | | # """""" """ """ g! ????????????? | | # """""" [ ??????????? | | + ! " ???????????? | | # "T" ???????????? | | # """ ???????????? | | ###+#+########### T################# ???????????? | | #??####?????????????????????????????? | | """ """ = #???????????????????????????????????? | | """ """ #???????????????????????????????????? | | """ """ ?????????????????????????????????????? | | "" "" #???????????????????????????????????? | | "" "" #???????????????????????????????????? | | #???????????????????????????????????? | | = #???????????????????????????????????? | | "###########?????????????????????????????????????? | +----------------------------------------------------+ Best States ------------- Heat Dissipation 48 Energy Generation 19 Energy Capacity 265 Matter Stores 300 Matter Capacity 500 Sight Range 16 Terrain Scan Density 10 Armor Coverage 375 Evasion (%) 55 Targeting Accuracy 5 Recoil Reduction 3 Kinecelleration 30 Item Schematics ----------------- None Robot Schematics ------------------ None Fabricated ------------ Nothing Repaired ---------- Lgt. Treads | 17% | -9/Materials Lgt. Treads | 39% | -9/Materials Lgt. Treads | 58% | -9/Materials Lgt. Treads | 18% | -8/Materials Alien Tech Used ----------------- None Achievements -------------- None Challenges ------------ None Game ------ Seed AssaultHardenedLattice Manual? 0 Play Time 00:59:52 Cumulative 208.5 hours Start 2025.09.16 @ 17:56:26 End 2025.09.16 @ 19:17:47 Sessions 3 Manual Loads 0 Difficulty Rogue Special Mode None Game No. 117 Rogue 117 Adventurer 0 Explorer 0 Win Type - Total 23 Types 10/1/8/1/0/1/1/1/0/0 Lore% 76 Gallery% 67 Achievement% 72 Wizard Run 0 Options --------- Layout 1 ASCII 0 Keyboard 0 Movement Arrows Keybinds 0 Fullscreen 2 Font 24/Tamsyn Map View 50x35 Zoom Use 0% Tactical HUD 1 Map Filters NONE Filters NONE Steam 1 RUN: 8ff11e6f-d374-47fe-9eb1-bf625d74926f